[Event "Championnat National du Sénégal"]
[Site "Arène National, Pikine, Senegal"]
[Date "2022.11.12"]
[Round "2.2"]
[White "Ba, El Hadji Seydou Nourou"]
[Black "Valerevna, Nadezhda Marochkina"]
[Result "0-1"]
[TimeControl "01.30 fb .30"]
[WhiteElo "1644"]
[BlackElo "1668"]

1. e4 c6 2. Nc3 d5 3. Nf3 Nf6 4. e5 Ne4 5. Ne2 Bf5 6. d3 Nc5 7. Ng3 Bg6 8. h4 h6 9. h5 Bh7 10.
d4 Ne4 11. Bd3 Nxg3 12. fxg3 Bxd3 13. Qxd3 e6 14. Be3 Qa5+ 15. c3 Nd7 16. g4 c5 17. O-O Nb6 18. Nh4 Nc4 19. Bc1 cxd4 20.
cxd4 Qb6 21. Kh1 Be7 22. Nf3 Nxb2 23. Bxb2 Qxb2 24. Rab1 Qxa2 25. Qb5+ Kf8 26. Qxb7 Re8 27. Ra1 Qc4 28.
Rxa7 Qxf1+ 29. Kh2 Qc4 30. Ra8 Qb4 31. Qc6 Rb8 32. Qc8+ Rxc8 33. Rxc8+ Bd8 34. Rxd8+ Ke7 35. Rxh8 f6 36.
exf6+ Kxf6 37. Ne5 Qxd4 38. Nc6 Qxg4 39. Rf8+ Kg5 40. Rf3 Qh4+ 41. Rh3 Qf4+ 42. Rg3+ Kh4 43. Ne7 Qxg3+ 44. Kh1 Kxh5 45.
Ng8 d4 46. Ne7 d3 47. Nf5 exf5 48. Kg1 d2 49. Kh1 d1=R# 0-1

[Event "Championnat National du Sénégal"]
[Site "Arène National, Pikine, Senegal"]
[Date "2022.11.12"]
[Round "2.3"]
[White "CM Wane, Al Hassane"]
[Black "Diatta, Robert Kaundum A."]
[Result "1-0"]
[TimeControl "01.30 fb .30"]
[WhiteElo "1789"]
[BlackElo "1635"]

1. Nf3 d5 2. d4 Bf5 3. Bf4 e6 4. h3 Bd6 5. Bg5 Ne7 6. e3 a6 7. Bd3 Bg6 8. c4 Bb4+ 9. Nc3 c6 10.
O-O O-O 11. c5 Bxc3 12. bxc3 b6 13. cxb6 f6 14. Bf4 Qxb6 15. Rb1 Qa5 16. Rb7 Bxd3 17. Qxd3 Ng6 18. Bd6 Re8 19. Rfb1 e5 20.
dxe5 fxe5 21. Qf5 1-0

[Event "Championnat National du Sénégal"]
[Site "Arène National, Pikine, Senegal"]
[Date "2022.11.12"]
[Round "2.5"]
[White "Bodin-Hulin, Thomas"]
[Black "Diankha, Bara"]
[Result "1-0"]
[TimeControl "01.30 fb .30"]
[WhiteElo "1838"]
[BlackElo "1400"]

1. e4 c6 2. d4 d5 3. Nc3 e6 4. Nf3 Nd7 5. Bd3 Bd6 6. O-O Ne7 7. Re1 O-O 8. e5 Bb4 9. Bxh7+ Kxh7 10. Ng5+ Kg6 11. h4 Rh8 12. Qg4 Qb6 13. Nxe6+ Rg8 1-0

[Event "Championnat National du Sénégal"]
[Site "Arène National, Pikine, Senegal"]
[Date "2022.11.12"]
[Round "2.1"]
[White "Diop, Wara"]
[Black "Lesbros, Bernard"]
[Result "0-1"]
[TimeControl "01.30 fb .30"]
[WhiteElo "1636"]
[BlackElo "1878"]

1. e4 c5 2. Nc3 Nc6 3. g3 g6 4. Bg2 Bg7 5. d3 d6 6. Be3 e6 7. Nge2 Nd4 8. O-O Ne7 9. Qd2 Qa5 10.
Nc1 Bd7 11. Nb3 Qc7 12. Rab1 O-O 13. Ne2 Nxe2+ 14. Qxe2 a5 15. Nd2 b5 16. e5 d5 17. f4 Rfc8 18. c3 Nf5 19. Bf2 Rab8 20.
g4 Ne7 21. Nb3 c4 22. Nc5 Qd8 23. d4 Nc6 24. Bg3 Bf8 25. Nxd7 Qxd7 26. f5 b4 27. Rf2 bxc3 28. fxg6 hxg6 29.
Qd1 cxb2 30. h4 c3 31. h5 Nxd4 32. hxg6 fxg6 33. Qd3 c2 34. Rxc2 Rc7 35. Rc3 Rxc3 36. Bf4 Rc2 37. Be3 Rbc8 38. Bf1 Rc1 0-1

[Event "Championnat National du Sénégal"]
[Site "Arène National, Pikine, Senegal"]
[Date "2022.11.12"]
[Round "2.4"]
[White "Koné, Sidy"]
[Black "Ly, Abdoulaye Aziz"]
[Result "1/2-1/2"]
[TimeControl "01.30 fb .30"]
[WhiteElo "1400"]
[BlackElo "1400"]

1. e4 e5 2. Nc3 Nc6 3. Bc4 Bc5 4. Qg4 Kf8 5. Qf3 Nf6 6. Nge2 d6 7. h3 Na5 8. Bd3 a6 9. a3 Ba7 10.
O-O Be6 11. Nd5 c6 12. Nxf6 Qxf6 13. Qxf6 gxf6 14. b4 Nc4 15. Bxc4 Bxc4 16. d3 Be6 17. Be3 Rg8 18. Kh2 Bb8 19.
f4 Ke7 20. Rf3 Bc7 21. Rg3 f5 22. exf5 Bxf5 23. Rxg8 Rxg8 24. g4 Bd7 25. fxe5 dxe5 26. Bc5+ Ke8 27. Ng3 e4 28. dxe4 h5 29.
Kg2 hxg4 30. h4 Rh8 31. Rh1 Bf4 32. Kf2 Be6 33. Bd4 Bxg3+ 34. Kxg3 Rh5 35. Bf6 c5 36. Rd1 Bd7 37. c3 Rh6 38.
e5 cxb4 39. axb4 Rh5 40. Bg5 1/2-1/2

[ePGN "0.1;DGT LiveChess/2.2"]

[Event "Championnat National du Sénégal"]
[Site "Arène National, Pikine, Senegal"]
[Date "2022.11.12"]
[Round "3.2"]
[White "Ly, Abdoulaye Aziz"]
[Black "Bodin-Hulin, Thomas"]
[Result "1/2-1/2"]
[TimeControl "01.30 fb .30"]
[WhiteElo "1400"]
[BlackElo "1838"]

1. e4 e6 2. d4 d5 3. Nc3 dxe4 4. Nxe4 Nd7 5. Nf3 Ngf6 6. Nxf6+ Nxf6 7. Bd3 Be7 8. O-O O-O 9. Qe2 b6 10.
Bg5 Bb7 11. Rad1 h6 12. Bh4 Qd5 13. Bc4 Qh5 14. Bg3 Rac8 15. Ne5 Qxe2 16. Bxe2 Rfd8 17. Bf3 Bxf3 18. Nxf3 Nh5 19. Be5 Bd6 20.
Rfe1 Nf4 21. Bxf4 Bxf4 22. Rd3 c5 23. g3 Bd6 24. Red1 cxd4 25.
Rxd4 Be7 26. Rd7 Kf8 27. c3 Ke8 28. Rxd8+ Rxd8 29. Rxd8+ Bxd8 30. Kf1 Bf6 31. Ke2 Kd7 32. Kd3 Kd6 33.
Nd2 Bd8 34. f4 f6 35. a4 g5 36. fxg5 hxg5 37. h4 gxh4 38. gxh4 f5 39. Nc4+ Kd5 40. h5 Ke5 41. Ke4+ Kf6+ 42. h6 Kg7+ 43. h7 1/2-1/2

[Event "Championnat National du Sénégal"]
[Site "Arène National, Pikine, Senegal"]
[Date "2022.11.12"]
[Round "3.5"]
[White "Lesbros, Bernard"]
[Black "Ba, El Hadji Seydou Nourou"]
[Result "0-1"]
[TimeControl "01.30 fb .30"]
[WhiteElo "1878"]
[BlackElo "1644"]

1. Nf3 d5 2. d4 Nf6 3. c3 c5 4. dxc5 e6 5. b4 a5 6. Bb2 b6 7. e3 bxc5 8. b5 c4 9. a4 Nbd7 10. Ba3 Bxa3 11. Nxa3 Nc5 12. Qc2 Nfe4 13. Rd1 Qf6 14. Rd4 Bb7 15. Nb1 g5 16. h3 h5 17. Nbd2 e5 18. Nxe4 dxe4 19. Rxc4 exf3 20. Rxc5 fxg2 21. Bxg2 Bxg2 22. Rg1 Bf3 23. Rg3 g4 24. Rxf3 gxf3 25. Qe4 Rd8 26. Rxe5+ Kf8 27.
h4 Rg8 0-1

[Event "Championnat National du Sénégal"]
[Site "Arène National, Pikine, Senegal"]
[Date "2022.11.12"]
[Round "3.4"]
[White "Valerevna, Nadezhda Marochkina"]
[Black "CM Wane, Al Hassane"]
[Result "1-0"]
[TimeControl "01.30 fb .30"]
[WhiteElo "1668"]
[BlackElo "1789"]

1. d4 d5 2. c4 e6 3. Nf3 Nf6 4. Bg5 Nbd7 5. e3 c6 6. Nc3 Bb4 7. a3 Bxc3+ 8. bxc3 Qa5 9. Qb3 Ne4 10.
Qb4 Qxb4 11. cxb4 dxc4 12. Bxc4 b5 13. Bd3 Nxg5 14. Nxg5 Nf6 15. O-O h6 16. Nf3 O-O 17. Rfc1 Bb7 18.
Ne5 Rfc8 19. Rc2 a5 20. Rac1 axb4 21. axb4 Nd5 22. Nxc6 Bxc6 23. Rxc6 Rxc6 24. Rxc6 Nxb4 25. Rc3 Nxd3 26.
Kf1 Ra1+ 27. Ke2 Nb4 28. Rc8+ Kh7 29. Rc5 Ra2+ 30. Kf3 Ra5 31. e4 Nd3 32. Rc7 Kg6 33. d5 exd5 34. exd5 Ra6 35.
Ke3 Ne5 36. Kd4 Kf6 37. f4 Ra4+ 38. Kc5 Rc4+ 39. Kd6 Nd3 40. Rb7 b4 41. Rb6 Nxf4 42. g3 Nd3 43. Kd7+ Kf5 44. d6 Nc5+ 45.
Ke7 Ke5 46. Rb5 Kd4 47. Kxf7 g5 48. Kg6 g4 49. Kxh6 Kd5 50. d7 Kc6 51. Rxc5+ Rxc5 52. d8=Q Rc4 53. Qc8+ Kb5 54. Qd7+ Kc5 55.
h4 gxh3 56. Qxh3 b3 57. Qf5+ Kb4 58. Qf8+ Kc3 59. Qf6+ Kc2 60. Qf5+ Kb2 61. g4 Ka2 62. Qa5+ Kb1 63. g5 b2 64.
g6 Kc2 65. Qf5+ Kc1 66. Qf1+ Kd2 67. Qb1 Rc2 68. g7 Kc3 69. g8=Q Rh2+ 70. Kg7 Rg2+ 71. Kf7 Rf2+ 72. Ke7 Rc2 73.
Qc8+ 1-0

[Event "Championnat National du Sénégal"]
[Site "Arène National, Pikine, Senegal"]
[Date "2022.11.12"]
[Round "3.3"]
[White "Diatta, Robert Kaundum A."]
[Black "Koné, Sidy"]
[Result "0-1"]
[TimeControl "01.30 fb .30"]
[WhiteElo "1635"]
[BlackElo "1400"]

1. d4 Nf6 2. e3 d5 3. Bd3 c5 4. c3 Nc6 5. f4 Bg4 6. Nf3 e6 7. Nbd2 Bd6 8. O-O cxd4 9. cxd4 O-O 10.
a3 Rc8 11. Qe1 Qa5 12. Qh4 Bf5 13. Bxf5 exf5 14. Qh3 Ne7 15. Ne5 Rxc1 16. Rd1 Rxa1 17.
Rxa1 Qxd2 0-1

[Event "Championnat National du Sénégal"]
[Site "Arène National, Pikine, Senegal"]
[Date "2022.11.12"]
[Round "3.1"]
[White "Diankha, Bara"]
[Black "Diop, Wara"]
[Result "0-1"]
[TimeControl "01.30 fb .30"]
[WhiteElo "1400"]
[BlackElo "1636"]

1. c3 b6 2. d4 Nf6 3. Nf3 Bb7 4. e3 e6 5. Be2 Be7 6. Bd3 c5 7. O-O d6 8. Na3 O-O 9. Qc2 Bxf3 10.
gxf3 Nbd7 11. Qe2 d5 12. Kh1 e5 13. Bf5 Bd6 14. Rg1 Re8 15. e4 exd4 16. Bh6 g6 17. Rg2 Nf8 18. Rag1 dxc3 19.
bxc3 Ne6 20. Qd2 dxe4 21. fxe4 Bf8 22. Qe3 Ng7 23. Bxg7 Bxg7 24. Qh3 Nxe4 25. Bxe4 Rxe4 26. Nc2 Rc4 27.
Rg3 Qc8 28. Qg2 Rb8 29. Ne3 Rxc3 30. Nd5 Rxg3 31. Qxg3 Qb7 32. Rg2 Re8 33. Qf3 Qd7 34. Rg1 Qe6 35. Nc7 Qe4 36. Rg3 Qxf3+ 37. Rxf3 Re7 38. Nd5 Rd7 39. Rd3 Kf8 40. Rd1 Bd4 41. Nf6 Re7 42. Nxh7+ Kg7 43. Ng5 Re2 44. f4 Rxa2 45. Re1 Ra1 46.
Rxa1 Bxa1 47. Nf3 c4 48. Kg1 Kf6 49. Kf2 Kf5 50. Nd2 c3 51. Nb3 c2 52. Ke2 Bb2 53. Kd2 c1=Q+ 54. Nxc1 Bxc1+ 55. Kxc1 Kxf4 56. Kd1 Kf3 57. Ke1 Kg2 58. h4 Kg3 59. Ke2 f5 60. Kf1 a5 61. h5 gxh5 62. Ke2 h4 63. Kf1 a4 64.
Ke2 h3 65. Kd3 h2 66. Kc4 h1=Q 67. Kb5 a3 68. Kxb6 Qc1 69. Kb7 a2 0-1

[ePGN "0.1;DGT LiveChess/2.2"]

[Event "Championnat National du Sénégal"]
[Site "Arène National, Pikine, Senegal"]
[Date "2022.11.13"]
[Round "4.2"]
[White "CM Wane, Al Hassane"]
[Black "Lesbros, Bernard"]
[Result "0-1"]
[TimeControl "01.30 fb .30"]
[WhiteElo "1789"]
[BlackElo "1878"]

1. e4 c5 2. Nc3 Nc6 3. f4 e6 4.
Nf3 g6 5. Bc4 Bg7 6. O-O Nge7 7. Qe1 Nd4 8. Nxd4 cxd4 9.
Nb5 O-O 10. e5 d5 11. exd6 Nf5 12. d3 a6 13. Na3 b5 14. Bb3 Qxd6 15. Bd2 Bb7 16. Qf2 Qc6 17. Qf3 Qb6 18. Qe2 h5 19. Kh1 Nh4 20. Rf2 Rfe8 21.
c3 dxc3 22. Bxc3 Bxc3 23. bxc3 Qc5 24. Nb1 e5 25. fxe5 Rxe5 26. Bxf7+ Kg7 27. Qf1 Qe7 28. Nd2 Rf8 29. d4 Rf5 30.
Qe2 Qxe2 31. Rxe2 R8xf7 32. Kg1 Bxg2 33. Ne4 Bxe4 34. Rxe4 Rg5+ 35. Kh1 Rg4 36. Rxg4 hxg4 37. Kg1 Rf3 38.
Rc1 Rd3 39. Rc2 Kf6 40. c4 bxc4 41. Rxc4 Rd2 42. d5 Nf3+ 43. Kf1 Nxh2+ 0-1

[Event "Championnat National du Sénégal"]
[Site "Arène National, Pikine, Senegal"]
[Date "2022.11.13"]
[Round "4.1"]
[White "Diop, Wara"]
[Black "Ba, El Hadji Seydou Nourou"]
[Result "1-0"]
[TimeControl "01.30 fb .30"]
[WhiteElo "1636"]
[BlackElo "1644"]

1. e4 c5 2. Nc3 Nc6 3. f4 g6 4. Bc4 Bg7 5. Nf3 e6 6. f5 Nge7 7. O-O exf5 8. Qe1 O-O 9. d3 Na5 10.
Bg5 Nxc4 11. Bxe7 Qxe7 12. Nd5 Qd6 13. dxc4 Re8 14. e5 Bxe5 15. Nxe5 Rxe5 16. Qh4 b5 17. Rad1 Kg7 18. Qf4 f6 19.
Nc3 Qc6 20. cxb5 Qe6 21. Qf3 Rb8 22. Nd5 c4 23. Nc3 Bb7 24. Qg3 Re8 25. a4 f4 26. Qxf4 Re7 27. a5 Rg5 28. Rd2 Rf5 29.
Qg3 Rxf1+ 30. Kxf1 d5 31. Qf2 Qd6 32. g3 a6 33. bxa6 Bxa6 34. Rxd5 Qxd5 35. Nxd5 c3+ 36. Kg1 1-0

[Event "Championnat National du Sénégal"]
[Site "Arène National, Pikine, Senegal"]
[Date "2022.11.13"]
[Round "4.3"]
[White "Koné, Sidy"]
[Black "Valerevna, Nadezhda Marochkina"]
[Result "1/2-1/2"]
[TimeControl "01.30 fb .30"]
[WhiteElo "1400"]
[BlackElo "1668"]

1. e4 c6 2. d4 d5 3. f3 dxe4 4. fxe4 e5 5. Nf3 exd4 6. Bc4 Be7 7. O-O Nf6 8. Ng5 Qb6 9. Bxf7+ Kd8 10.
Be6 Bxe6 11. Nxe6+ Kc8 12. Nxg7 Rg8 13. Rxf6 Bxf6 14. Nf5 Nd7 15. Na3 Ne5 16. Rb1 Ng4 17. Nc4 Qc7 18. g3 Be5 19.
Nxe5 Nxe5 20. Bf4 Re8 21. Qh5 Re6 22. Nxd4 Re7 23. Nf5 Re6 24. Nd4 Re7 25. Nf5 Re6 1/2-1/2

[Event "Championnat National du Sénégal"]
[Site "Arène National, Pikine, Senegal"]
[Date "2022.11.13"]
[Round "4.5"]
[White "Diankha, Bara"]
[Black "Ly, Abdoulaye Aziz"]
[Result "0-1"]
[TimeControl "01.30 fb .30"]
[WhiteElo "1400"]
[BlackElo "1400"]

1. c3 d5 2. d4 e6 3. Nf3 c5 4. Bf4 Qb6 5. Bc1 Nf6 6. e3 Nbd7 7. Be2 Bd6 8. Nbd2 O-O 9. O-O e5 10. dxe5 Nxe5 11. Nxe5 Bxe5 12. Nf3 Bc7 13. Bd3 Bg4 14.
Bc2 Qd6 15. g3 Qe6 16. Bd3 h6 17. Re1 Rad8 18. Bf1 d4 19. exd4 Bxf3 20. Rxe6 Bxd1 21. Re7 Bb6 22. Bxh6 Bf3 23.
Bg5 cxd4 24. Bxf6 gxf6 25. cxd4 Rxd4 26. Bg2 Bxg2 27. Kxg2 Rd2 28. Rb1 Rxf2+ 29. Kh3 Kg7 30. Rxb7 Rh8+ 31. Kg4 Rhxh2 32. Rd1 Kg6 33. Rd6 Rh5 34.
Rb8 Rg5+ 35. Kh3 Kg7 36. Rd3 Rxb2 37. Rc3 Rxa2 38. Rcc8 f5 39. Kh4 Rg6 40. Kh3 Ra3 41. Rg8+ Kf6 42. Rxg6+ fxg6 43. Rf8+ Kg5 44. Kg2 Bc7 45. Rf7 Rxg3+ 46. Kf2 Rc3 47. Kg2 a5 48. Rf8 a4 49.
Ra8 a3 50. Kf2 Rc2+ 51. Ke3 a2 52. Kd3 Rg2 53. Kd4 Bd8 54. Kd5 Bf6 55. Rxa2 Rxa2 56. Kc4 Rd2 57. Kc5 Rd4 58. Kc6 f4 59.
Kc7 f3 60. Kc8 f2 61. Kc7 f1=Q 62. Kc6 Qa6+ 63. Kc5 Qd6+ 64. Kb5 Rb4+ 65. Ka5 Qb6# 0-1

[ePGN "0.1;DGT LiveChess/2.2"]

[Event "Championnat National du Sénégal"]
[Site "Arène National, Pikine, Senegal"]
[Date "????.??.??"]
[Round "5.5"]
[White "Ba, El Hadji Seydou Nourou"]
[Black "CM Wane, Al Hassane"]
[Result "1/2-1/2"]
[TimeControl "01.30 fb .30"]
[WhiteElo "1644"]
[BlackElo "1789"]

1. e4 e5 2. Nf3 Nc6 3. Bb5 a6 4. Ba4 Nf6 5. O-O b5 6. Bb3 Bc5 7. Nxe5 Bxf2+ 8. Rxf2 Nxe5 9. d4 Nc4 10. e5 Ne4 11. Rxf7 Kxf7 12. Qf3+ Ke8 13. Qxe4 Rb8 14. Qg4 Qe7 15. Nd2 d5 16. Qg3 Rf8 17.
Nf3 Bf5 18. a4 b4 19. a5 h6 20. Nd2 Be6 21. Nf3 c5 22. h3 cxd4 23. Nxd4 Qc5 24. c3 bxc3 25. Ba4+ Kf7 26. bxc3 Kg8 27.
Bxh6 Rf7 28. Bxg7 Rxg7 29. Qh4 Ne3 30. Qh6 Bxh3 31. Qxh3 Nxg2 32. Qe6+ Kf8 33. Qf6+ Kg8 34. Qe6+ Kh8 35.
Qh6+ Kg8 36. Qe6+ Kf8 37. Kh2 Rb2 38. Bc2 1/2-1/2

[Event "Championnat National du Sénégal"]
[Site "Arène National, Pikine, Senegal"]
[Date "????.??.??"]
[Round "5.4"]
[White "Lesbros, Bernard"]
[Black "Koné, Sidy"]
[Result "1-0"]
[TimeControl "01.30 fb .30"]
[WhiteElo "1878"]
[BlackElo "1400"]

1. Nf3 Nf6 2. c4 e6 3. g3 d5 4.
d4 Be7 5. Bg2 O-O 6. Qc2 c6 7. O-O b6 8. Nbd2 Ba6 9. b3 Nbd7 10. Bb2 Re8 11. e4 Nf8 12. Rac1 Ng6 13. Ne5 Nxe5 14. dxe5 Nd7 15. exd5 cxd5 16. Rfd1 Rc8 17. Qb1 dxc4 18. Bf1 Qc7 19. Nxc4 Bxc4 20. Rxc4 Bc5 21.
b4 b5 22. Rh4 Bxf2+ 23. Kxf2 Qc2+ 24. Qxc2 Rxc2+ 25. Ke1 Rxb2 26. Rxd7 Rc8 27. Rhd4 Kf8 28. Bxb5 g6 29. Rd8+ Rxd8 30.
Rxd8+ Kg7 31. Rd2 Rxb4 32. a4 Rb1+ 33. Ke2 Rb4 34. Ke3 f5 35. Rd4 Rb3+ 36. Bd3 Rb7 37. Bb5 Kf7 38. Rd7+ Rxd7 39.
Bxd7 Ke7 40. Bc8 g5 41. Kd4 h5 42. h4 f4 43. gxf4 gxh4 44. Ke3 h3 45. Kf2 h4 46. Kg1 1-0

[Event "Championnat National du Sénégal"]
[Site "Arène National, Pikine, Senegal"]
[Date "????.??.??"]
[Round "5.1"]
[White "Ly, Abdoulaye Aziz"]
[Black "Diop, Wara"]
[Result "0-1"]
[TimeControl "01.30 fb .30"]
[WhiteElo "1400"]
[BlackElo "1636"]

1. e4 d5 2. exd5 Nf6 3. d4 Nxd5 4. c4 Nb6 5. Be3 c5 6. dxc5 Qxd1+ 7. Kxd1 N6d7 8. Nc3 e6 9. Nb5 Na6 10. b4 Be7 11. a3 O-O 12. Kc2 Ne5 13. Be2 Bd7
14. Nd6 b6 15. Rd1 Ba4+ 16. Kc3 Bxd1 17. Bxd1 bxc5 18. Ne4 cxb4+ 19. Kd4 0-1

[Event "Championnat National du Sénégal"]
[Site "Arène National, Pikine, Senegal"]
[Date "????.??.??"]
[Round "5.2"]
[White "Diatta, Robert Kaundum A."]
[Black "Diankha, Bara"]
[Result "1-0"]
[TimeControl "01.30 fb .30"]
[WhiteElo "1635"]
[BlackElo "1400"]

1. d4 c6 2. e3 d5 3. Bd3 Nf6 4. Nd2 Bg4 5. Ne2 Bxe2 6. Qxe2 e6 7. f4 Nbd7 8. O-O h5 9. e4 Qb6 10. c3 O-O-O 11. e5 Ne8 12. a4 a5 13. Nf3 Be7 14. Be3 g6 15. b4 axb4 16. cxb4 Bxb4 17. Rfb1 Qa5 18. Qb2 b6 19. Qxb4 Qxb4 20. Rxb4 Nc7 21. Rc1 Kb7 22. a5 b5 23. Rb2 Ra8 24. Bd2 Ra6 25. Bb4 h4 26. Nd2 Ne8 27. Nb3 Ng7 28. Rbc2 Nf5 29. Bxf5 gxf5 30. Rc3 f6 31. Bd6 Rg8 32. exf6 Nxf6 33. Nc5+ Ka7 34. Nxa6 Kxa6 35. Rxc6+ Kxa5 36. Ra1# Nd7 1-0

[Event "Championnat National du Sénégal"]
[Site "Arène National, Pikine, Senegal"]
[Date "????.??.??"]
[Round "5.3"]
[White "Valerevna, Nadezhda Marochkina"]
[Black "Bodin-Hulin, Thomas"]
[Result "0-1"]
[TimeControl "01.30 fb .30"]
[WhiteElo "1668"]
[BlackElo "1838"]

1. d4 Nf6 2. c4 g6 3. Nf3 Bg7 4. Nc3 d6 5. h3 O-O 6. Bf4 c5 7. e3 Qa5 8. Be2 Ne4 9. Qb3 cxd4 10. exd4 e5 11. dxe5 dxe5 12. Bd2 Nxd2 13. Nxd2 Nc6 14. O-O Nd4 15. Qd1 Be6 16. Bd3 f5 17. Nb3 Qd8 18. Rc1 Rc8 19. Ne2 Qh4 20.
Nbxd4 exd4 21. f4 Rfe8 22. b3 Bd7 23. Qe1 Qf6 24. Qf2 Bc6 25. Rcd1 Rcd8 26. Rd2 b6 27. Kh1 Re3 28. Kh2 Bf8 29.
Rdd1 Rde8 30. Nc1 a5 31. Rfe1 Bc5 32. Re2 Bb7 33. Qe1 Qc6 34. Qf1 Qd6 35. Rxe3 Re7 36. Re4 Rxe4 37. Be2 Re3 38. Rd2 Qe6 39. Nd3 g5 40. Kg1 Bd6 41. Bd1 Rg3 42. Qf2 Qe3 0-1

[ePGN "0.1;DGT LiveChess/2.2"]

[Event "Championnat National du Sénégal"]
[Site "Arène National, Pikine, Senegal"]
[Date "????.??.??"]
[Round "6.2"]
[White "Koné, Sidy"]
[Black "Ba, El Hadji Seydou Nourou"]
[Result "0-1"]
[TimeControl "01.30 fb .30"]
[WhiteElo "1400"]
[BlackElo "1644"]

1. e4 c5 2. c3 Nf6 3. e5 Nd5 4. d4 cxd4 5. Nf3 Nc6 6. Bc4 Nb6 7. Bb3 d6 8. exd6 Qxd6 9. O-O Bf5 10.
Ng5 e6 11. Qh5 Bg6 12. Qf3 Be7 13. Na3 O-O 14. Nb5 Qc5 15. Nc7 Bxg5 16. Bxg5 Qxg5 17. Nxa8 Rxa8 18. cxd4 Nxd4 19. Qxb7 Nxb3 20.
axb3 Qd5 21. Rxa7 Qxb7 22. Rxb7 Nd5 23. g3 h5 24. Rc1 Kh7 25. Re1 Ra2 26. Re2 Bd3 27. Re1 Kg6 28. Rd1 Bc2 29.
Rc1 Rxb2 30. b4 Be4 31. Rb8 h4 32. Re1 h3 33. Rh8 Bg2 34. Rd8 Nc3 35. Rdd1 Nxd1 36. Rxd1 Rxb4 37. f4 Rb2 38.
Re1 Bd5 39. Rd1 Rg2+ 40. Kf1 Bc4+ 41. Ke1 Re2+ 42. Kf1 Rxh2+ 43. Ke1 0-1

[Event "Championnat National du Sénégal"]
[Site "Arène National, Pikine, Senegal"]
[Date "????.??.??"]
[Round "6.5"]
[White "Ly, Abdoulaye Aziz"]
[Black "Diatta, Robert Kaundum A."]
[Result "1-0"]
[TimeControl "01.30 fb .30"]
[WhiteElo "1400"]
[BlackElo "1635"]

1. e4 d5 2. exd5 Nf6 3. d4 Nxd5 4. c4 Nf6 5. Nf3 Bg4 6. Be2 e6 7. Qb3 Qc8 8. Bg5 Be7 9. h3 Bf5 10. Nc3 O-O 11. Nh4 Bg6 12.
Bf3 Nbd7 13. Bxb7 Qd8 14. Bxa8 Qxa8 15. Nxg6 hxg6 16. O-O c5 17. Rad1 cxd4 18. Rxd4 Bc5 19. Rd2 Rb8 20. Qc2 Nf8 21.
Bxf6 gxf6 22. Qe4 Kg7 23. Qxa8 Rxa8 24. a3 a5 25. Na4 Ba7 26. Rfd1 Rc8 27. Rc2 e5 28. c5 Ne6 29. Rd7 Nd4 30.
Rxa7 Nxc2 31. Rxa5 Kf8 32. Nb6 Rc6 33. Ra7 Kg7 34. b4 e4 35. Nd7 Nd4 36. a4 Rc8 37. b5 1-0

[Event "Championnat National du Sénégal"]
[Site "Arène National, Pikine, Senegal"]
[Date "????.??.??"]
[Round "6.1"]
[White "Diop, Wara"]
[Black "CM Wane, Al Hassane"]
[Result "1-0"]
[TimeControl "01.30 fb .30"]
[WhiteElo "1636"]
[BlackElo "1789"]

1. e4 c6 2. d4 d5 3. Nc3 dxe4 4. Nxe4 Bf5 5. Ng3 Bg6 6. Nf3 Nf6 7. c3 e6 8. Bg5 Nbd7 9. h4 h6 10.
h5 Bh7 11. Bh4 Qb6 12. Qd2 Nd5 13. Bc4 Bd6 14. Ne2 O-O 15. g4 Be4 16. Rh3 e5 17. g5 Bf5 18. gxh6 Nf4 19. hxg7 Kxg7 20.
Rg3+ Kh7 21. dxe5 Nxe2 22. Bxe2 Bxe5 23. Nxe5 Nxe5 24. Qg5 Bg6 25. Qxe5 Rae8 26. Be7 Rg8 27. hxg6+ Rxg6 28. O-O-O Rxg3 29.
Rh1+ Kg6 30. Qf6# 1-0

[Event "Championnat National du Sénégal"]
[Site "Arène National, Pikine, Senegal"]
[Date "????.??.??"]
[Round "6.4"]
[White "Diankha, Bara"]
[Black "Valerevna, Nadezhda Marochkina"]
[Result "0-1"]
[TimeControl "01.30 fb .30"]
[WhiteElo "1400"]
[BlackElo "1668"]

1. c3 d5 2. Nf3 Nf6 3. d4 Bg4 4. Ne5 Bf5 5. Bg5 e6 6. e3 Be7 7. Bd3 Bxd3 8. Qxd3 O-O 9. O-O Nbd7 10.
Nd2 c5 11. b3 h6 12. Bxf6 Nxf6 13. Ndf3 Rb8 14. a4 Qc7 15. a5 b5 16. axb6 Rxb6 17. Rfb1 Rfb8 18. Qc2 Ne4 19. c4 Qb7 20.
h3 Bd6 21. Kf1 Bxe5 22. Nxe5 cxd4 23. exd4 dxc4 24. Nxc4 Rb4 25. f3 Nf6 26. Ra3 Nd5 27. Qd3 Rxc4 28. bxc4 Qxb1+ 29. Qxb1 Rxb1+ 30. Kf2 Nb6 31. c5 Nc8 32. c6 Rb6 33. Rc3 Kf8 34. Ke3 Ke7 35. Ke4 Kd6 36. c7 Rc6 37. Rb3 Kxc7 38. Rb2 Nd6+ 39.
Kf4 a5 40. g4 a4 41. Ra2 Ra6 42. h4 a3 43. h5 Nb5 44. Ke5 Ra4 45. d5 exd5 46. Kxd5 Nc3+ 47. Ke4 0-1

[Event "Championnat National du Sénégal"]
[Site "Arène National, Pikine, Senegal"]
[Date "2022.11.19"]
[Round "7.5"]
[White "CM Wane, Al Hassane"]
[Black "Koné, Sidy"]
[Result "0-1"]
[TimeControl "01.30 fb .30"]
[WhiteElo "1789"]
[BlackElo "1400"]

1. d4 Nf6 2. c4 g6 3. Nf3 Bg7 4. Nc3 d5 5. cxd5 Nxd5 6. e4 Nxc3 7. bxc3 c5 8. Bb5+ Bd7 9. Bxd7+ Qxd7 10. e5 O-O 11. O-O cxd4 12. cxd4 Nc6 13. Bb2 Rfd8 14. Qb3 e6 15. Rad1 Ne7 16.
Ng5 h6 17. Ne4 Qd5 18. Qf3 Nf5 19. g4 Nh4 20. Nf6+ Bxf6 21. Qxd5 Rxd5 22. exf6 Rad8 23. Rd3 g5 24. f4 Kh7 25.
fxg5 hxg5 26. Rb3 R8d7 27. Kf2 Kg6 28. Kg3 Rc7 29.
Rf2 Ra5 30. a3 Ra4 31. Rb5 Rxa3+ 0-1

[Event "Championnat National du Sénégal"]
[Site "Arène National, Pikine, Senegal"]
[Date "2022.11.19"]
[Round "7.2"]
[White "Valerevna, Nadezhda Marochkina"]
[Black "Ly, Abdoulaye Aziz"]
[Result "0-1"]
[TimeControl "01.30 fb .30"]
[WhiteElo "1668"]
[BlackElo "1400"]

1. d4 d5 2. c4 e6 3. Nf3 a6 4. e3 Nf6 5. Nc3 dxc4 6. Bxc4 b5 7. Be2 Bd6 8. O-O O-O 9. Qc2 Nbd7 10.
a3 e5 11. b4 Bb7 12. Bb2 Re8 13. Rfd1 Qe7 14. Nb1 Be4 15. Qc1 Rac8 16. Nfd2 Bb7 17. Nb3 exd4 18. Bxd4 Ne4 19. N1d2 Bxh2+ 20. Kf1 Qg5 21. Nf3 Qh6 22. Nbd2 Bd6 23. Bd3 Qh1+ 24. Ke2 Ng3+ 0-1

[Event "Championnat National du Sénégal"]
[Site "Arène National, Pikine, Senegal"]
[Date "2022.11.19"]
[Round "7.4"]
[White "Ba, El Hadji Seydou Nourou"]
[Black "Bodin-Hulin, Thomas"]
[Result "1-0"]
[TimeControl "01.30 fb .30"]
[WhiteElo "1644"]
[BlackElo "1838"]

1. e4 e6 2. d4 d5 3. e5 c5 4. c3 Nc6 5. Nf3 Bd7 6. Bd3 Rc8 7. O-O cxd4 8. Re1 Nge7 9. h4 a6 10.
a3 Qb6 11. b4 dxc3 12. Nxc3 Nxe5 13. Nxe5 Rxc3 14. Bb2 Rc8 15. Qf3 f5 16. Qh5+ g6 17. Nxg6 Nxg6 18. Bxh8 Qd6 19. Bxf5 Kd8 20.
Bxg6 hxg6 21. Qxg6 Rc4 22. Rac1 b5 23. h5 Qf4 24.
Rxc4 bxc4 25. Qf6+ Qxf6 26. Bxf6+ Ke8 27. g4 Kf7 28. g5 Bg7 29. Bxg7 Kxg7 30. f4 c3 31. Kf2 d4 32. Rc1 Bb5 33.
Ke1 Bd3 34. Rd1 c2 35. Rc1 Bf5 36. Kd2 d3 37. a4 Kf7 38. b5 axb5 39. axb5 Ke7 40. b6 Kd6 41. g6 Kc6 42. g7 Bh7 43.
Rg1 Bg8 44. h6 Kxb6 45. h7 Bxh7 46. g8=Q Bxg8 47. Rxg8 Kb5 48. Rc8 1-0

[Event "Championnat National du Sénégal"]
[Site "Arène National, Pikine, Senegal"]
[Date "2022.11.19"]
[Round "7.1"]
[White "Diatta, Robert Kaundum A."]
[Black "Diop, Wara"]
[Result "0-1"]
[TimeControl "01.30 fb .30"]
[WhiteElo "1635"]
[BlackElo "1636"]

1. d4 d5 2. e3 c5 3. c3 Bf5 4. Bd3 Qd7 5. f4 Bxd3 6. Qxd3 c4 7. Qc2 f5 8. Nf3 Nc6 9. O-O Nf6 10.
Ne5 Nxe5 11. dxe5 Ne4 12. Nd2 Nc5 13. Nf3 e6 14. Nd4 Ne4 15. Bd2 Be7 16. Be1 g5 17. b3 Rc8 18. bxc4 Rxc4 19.
Qb3 gxf4 20. exf4 Bc5 21. Kh1 Bxd4 22. cxd4 Rxd4 23. Qa3 b6 24. Bh4 Rg8 25. g3 Rc4 26. Qa6 Nc5 27. Qa3 d4 28. Kg1 d3 29. Rac1 Qd4+ 30. Kg2 Ra4 31. Qc3 Rxa2+ 32. Kh3 Qxc3 33. Rxc3 Kd7 34. Rd1 d2 35. Kg2 Rc8 36. Kf3 b5 37. Ke2 b4 38. Re3 Ne4 39. g4 Nc3+ 40. Rxc3 bxc3 41. gxf5 exf5 42. Rg1 0-1